 Dungeon Crawl Stone Soup version 0.25.1-1-g288607f5aa (webtiles) character file.

Game seed: 13188280968264193401

190 H0rd4k the Insei (level 5, -1/33 HPs)
             Began as an Octopode Transmuter on July 23, 2020.
             Slain by a scorpion (8 damage)
             ... on level 4 of the Dungeon.
             The game lasted 00:04:50 (2945 turns).

H0rd4k the Insei (Octopode Transmuter)              Turns: 2945, Time: 00:04:51

Health: -1/33      AC:  1    Str: 15    XL:     5   Next: 69%
Magic:  8/8        EV: 13    Int: 17    God:
Gold:   124        SH:  0    Dex: 12    Spells: 3/9 levels left

rFire    . . .     SeeInvis .     - Unarmed
rCold    + + .     Gourm    .   (no shield)
rNeg     . . .     Faith    .   (helmet restricted)
rPois    +         Spirit   .   (no amulet)
rElec    +         Reflect  .   d - +6 ring of strength
rCorr    +         Harm     .   j - ring of ice
MR       .....                  (no ring)
Stlth    +++.......             (no ring)
HPRegen  0.11/turn              (no ring)
MPRegen  0.11/turn              (no ring)
                                (no ring)
                                (no ring)

@: mighty, resistant
A: almost no armour, stealthy swim, amphibious, 8 rings, constrict 8, camouflage
1, gelatinous body 1
a: no special abilities


You were on level 4 of the Dungeon.
You were not hungry.

You visited 1 branch of the dungeon, and saw 4 of its levels.

You collected 124 gold pieces.

Inventory:

Missiles
 a - 12 arrows
Jewellery
 d - a +6 ring of strength (left tentacle)
 j - a ring of ice (right tentacle)
Scrolls
 b - 2 scrolls of fear {unknown}
 f - 2 scrolls of remove curse {unknown}
 g - a scroll of identify {unknown}
 h - 4 scrolls of teleportation {unknown}
 i - a scroll of blinking {unknown}
Potions
 e - a potion of heal wounds {unknown}
 k - a potion of might
 m - 2 potions of curing {unknown}
 o - a potion of magic {unknown}
Comestibles
 c - 5 rations


   Skills:
 + Level 1.1 Fighting
 + Level 2.3 Dodging
 + Level 3.4 Stealth
 + Level 4.5 Unarmed Combat
 * Level 2.6 Spellcasting
 * Level 2.9 Transmutations


You had 3 spell levels left.
You knew the following spells:

 Your Spells              Type           Power        Failure   Level  Hunger
a - Beastly Appendage     Tmut           ##....       5%          1    #......
b - Sticks to Snakes      Tmut           ##......     9%          2    ##.....
c - Spider Form           Tmut/Pois      #.........   30%         3    ###....

Your spell library contained the following spells:

 Spells                   Type           Power        Failure   Level  Hunger
 Ice Form                 Ice/Tmut       ##......     69%         4    #####..
 Blade Hands              Tmut           ##........   83%         5    ######.


Dungeon Overview and Level Annotations

Branches:
Dungeon (4/15)
 Temple: D:4-7

Altars:
Ashenzari

Annotations:
D:3 Sigmund
D:4 exclusions: iguana and upstairs, Pikel


Innate Abilities, Weirdness & Mutations

You cannot wear most types of armour.
You are very stealthy in the water. (Stealth+)
You are amphibious.
You can wear up to eight rings at the same time.
You can use your tentacles to constrict eight enemies at once.
Your skin changes colour to match your surroundings (Stealth+).
Your rubbery body absorbs attacks. (AC +1, EV +1)


Message History

The orc wizard gestures at you while chanting.
The puff of frost hits you. You resist.
* * * LOW HITPOINT WARNING * * *
You release your grip on the orc wizard.
You tentacle-slap the orc wizard but do no damage.
Your grab misses the orc wizard. Your squeeze misses the orc wizard.
The orc wizard is almost dead.
The orc wizard hits you with a +0 dagger.
* * * LOW HITPOINT WARNING * * *
The orc wizard barely misses you.
It was a potion of might.
You feel very mighty all of a sudden.
Your transformation is almost over.
The orc wizard barely misses you.
You bludgeon the orc wizard!
You kill the orc wizard!
Your tentacle spike disappears.
It was a potion of resistance.
You feel protected. The scorpion stings you!
You die...

#################
#.....@s........#
#.#############.# ## #.#######
#.# ## . #.. #.......# #.# ..
.###.. ##########.# #.# .#
.#.....+.....# #.# #.# .#
$#!#...#####.####.#######.##.####
..>........................)[....
#..#####.#####..#.##########)#.##


You could see a scorpion.

Vanquished Creatures
  A crimson imp (D:3)
  An orc wizard (D:4)
  Jessica (D:2)
  2 adders (D:2)
  An ooze (D:1)
  An adder skeleton (D:4)
  2 worms (D:2)
  3 orcs (D:4)
  6 bats
  7 giant cockroaches
  7 goblins
  8 hobgoblins
  3 jackals (D:2)
  7 kobolds
  2 quokkas (D:2)
  A ball python (D:3)
  3 frilled lizards
  9 rats
65 creatures vanquished.

Notes
Turn   | Place    | Note
-------+----------+-------------------------------------------
     0 | D:1      | H0rd4k the Octopode Transmuter began the quest for the Orb.
     0 | D:1      | Reached XP level 1. HP: 13/13 MP: 3/3
   246 | D:1      | Reached XP level 2. HP: 10/18 MP: 5/5
   340 | D:1      | Found a shattered altar of Ashenzari.
   543 | D:1      | Reached XP level 3. HP: 19/23 MP: 6/6
   548 | D:1      | Learned a level 2 spell: Sticks to Snakes
   552 | D:1      | Learned a level 3 spell: Spider Form
   827 | D:1      | Reached skill level 1 in Stealth
  1552 | D:2      | Reached XP level 4. HP: 28/28 MP: 7/7
  1729 | D:2      | Reached skill level 4 in Unarmed Combat
  2089 | D:2      | Noticed Jessica
  2098 | D:2      | Killed Jessica
  2424 | D:3      | Reached XP level 5. HP: 26/33 MP: 5/8
  2544 | D:3      | Noticed Sigmund
  2865 | D:4      | Noticed a slave
  2865 | D:4      | Noticed Pikel
  2945 | D:4      | Slain by a scorpion

Illustrated notes

Levels and vault maps discovered:
D:1:      ncdulo_halloftheorcs, layout_loops_ring, evilmike_ruin_ashenzari
D:2:      layout_basic, first_ration, grunt_ministairs_5, serial_bayou_crossing,
          uniq_jessica
D:3:      layout_loops_cross, kennysheep_vampire_church, uniq_robin,
          uniq_sigmund, uniq_natasha, uniq_terence
D:4:      layout_basic, uniq_pikel, uniq_eustachio

Skill      XL: |  1  2  3  4 |
---------------+-------------+-----
Stealth        | 1 3 |  3.4
Unarmed Combat | 4 |  4.5
Fighting       | |  1.1
Dodging        | |  2.3
Spellcasting   | |  2.6
Transmutations | |  2.9

Action                   |  1- 3 |  4- 6 || total
-------------------------+-------+-------++-------
Melee: Unarmed           |    78 |    62 ||   140
       Constrict         |    19 |    13 ||    32
       Tentacles         |    13 |    10 ||    23
       Punch             |     2 |     3 ||     5
       Kick              |     3 |     9 ||    12
 Cast: Beastly Appendage |     2 |     6 ||     8
  Use: Potion            |       |     2 ||     2
 Stab: Sleeping          |    10 |     7 ||    17
  Eat: Chunk             |     2 |     4 ||     6
Armor: Skin              |    10 |     6 ||    16
Dodge: Dodged            |    53 |    52 ||   105
